 Dungeon Crawl Stone Soup version 0.19-a0-458-gfd99d95 (webtiles) character file.

67071 Ryco the Severer (level 14, -8/204 HPs)
             Began as a Deep Dwarf Berserker on June 2, 2016.
             Was a Follower of Trog.
             Mangled by an Ice Fiend (11 damage)
             ... in an ice cave.
             The game lasted 02:01:36 (11883 turns).

Ryco the Severer (Deep Dwarf Berserker)            Turns: 11883, Time: 02:01:36

Health: -8/204     AC: 22    Str: 39    XL:     14   Next: 81%
Magic:  9/9        EV: 11    Int:  9    God:    Trog [*.....]
Gold:   820        SH:  0    Dex: 10    Spells: 0 memorised, 13 levels left

rFire  + + .     SeeInvis .     a - +5 executioner's axe (flame)
rCold  + . .     Gourm    .     U - +2 scale mail of the Equinox {rF++ Str+3 Int+3 Dex-3}
rNeg   + . .     Faith    .     (shield currently unavailable)
rPois  +         Spirit   .     V - +0 helmet
rElec  .         Dismiss  .     P - +0 cloak
rCorr  .         Reflect  .     s - +1 pair of gloves of Wisdom {+Blink Str+6 Int-2}
SustAt .         Harm     .     Q - +2 pair of boots
MR     +++++                    (no amulet)
Stlth  ..........               k - ring of protection from cold
                                u - ring of poison resistance

@: berserking, non-regenerating, very quick, almost entirely resistant to
hostile enchantments, extremely unstealthy
A: damage resistance, recharge devices, molten scales 1, magic resistance 1,
negative energy resistance 1, sense surroundings 2, slow regeneration 3
a: Device Recharging, Berserk, Burn Spellbooks, Renounce Religion, Evoke Blink


You were in an ice cave.
You worshipped Trog.
Trog was aware of your devotion.
You were not hungry.

You visited 4 branches of the dungeon, and saw 22 of its levels.
You also visited: Ice Cave and Volcano.

You collected 1333 gold pieces.
You spent 513 gold pieces at shops.

Inventory:

Hand Weapons
 a - a +5 executioner's axe of flaming (weapon)
Missiles
 p - 5 javelins of penetration (quivered)
Armour
 s - the +1 pair of gloves of Wisdom (worn) {+Blink Str+6 Int-2}
   (You found it on level 1 of the Snake Pit)

   It affects your strength (+6).
   It affects your intelligence (-2).
   It lets you blink.
 P - a +0 cloak (worn)
 Q - a +2 pair of boots (worn)
 U - the +2 scale mail of the Equinox (worn) {rF++ Str+3 Int+3 Dex-3}
   (You bought it in a shop on level 4 of the Dungeon)

   It affects your strength (+3).
   It affects your intelligence (+3).
   It affects your dexterity (-3).
   It greatly protects you from fire.
 V - a +0 helmet (worn)
Jewellery
 k - a ring of protection from cold (right hand)
 u - a ring of poison resistance (left hand)
 x - a +3 ring of dexterity
 y - an uncursed amulet of magic regeneration
 z - an uncursed ring of wizardry
 W - an uncursed ring of protection from fire
Wands
 c - a wand of heal wounds (3/9)
 j - a wand of lightning (6/15)
 w - a wand of digging (10/24)
 A - a wand of lightning (8/15)
 C - a wand of teleportation (2/9)
 H - a wand of lightning (5/15)
 L - a wand of polymorph (2/24)
 T - a wand of disintegration (9/24)
 Z - a wand of disintegration (12/24)
Scrolls
 b - 2 scrolls of magic mapping
 f - 2 scrolls of fear
 m - 5 scrolls of fog
 r - 4 scrolls of remove curse
 D - 3 scrolls of immolation
 E - 8 scrolls of teleportation
 F - 2 scrolls of recharging
 G - a scroll of brand weapon {unknown}
 K - 2 scrolls of noise
Potions
 e - 6 potions of curing
 g - 6 potions of heal wounds
 h - 3 potions of might
 i - 4 potions of brilliance
 t - 4 potions of flight
 v - 3 potions of ambrosia
 B - 3 potions of cancellation
 J - 3 potions of lignification
 N - 2 potions of agility
 R - a potion of magic
 S - 4 potions of berserk rage {unknown}
 X - 2 potions of invisibility {unknown}
Books
 n - a book of Transfigurations

   Spells                             Type                      Level
   a - Irradiate                      Conjuration/Transmutation    5
   b - Statue Form                    Transmutation/Earth          6
   c - Hydra Form                     Transmutation                6
   d - Dragon Form                    Transmutation                7
   Trog disapproves of the use of such an item.
 O - a Grand Grimoire

   Spells                             Type                      Level
   a - Monstrous Menagerie            Summoning                    7
   b - Summon Greater Demon           Summoning                    7
   c - Malign Gateway                 Summoning/Translocation      7
   d - Summon Horrible Things         Summoning                    8
   Trog disapproves of the use of such an item.
Miscellaneous
 M - a plain deck of war
Comestibles
 d - 18 bread rations
 l - a meat ration


   Skills:
 + Level 11.7 Fighting
 + Level 19.8 Axes
   Level 0.4(12.5) Maces & Flails
 - Level 0.1 Throwing
 * Level 13.3 Armour
 - Level 2.1 Dodging
 + Level 5.5 Evocations


You had 13 spell levels left.
You didn't know any spells.

Dungeon Overview and Level Annotations

Branches:
Dungeon (11/15)            Temple (0/1) D:5            Lair (8/8) D:11
 Shoals (2/4) Lair:4        Snake (1/4) Lair:4        Slime (0/6) Lair:8
    Orc (0/2) D:9

Altars:
Ashenzari
Cheibriados
Elyvilon
Makhleb
Nemelex Xobeh
Qazlal
Sif Muna
Trog
Uskayaw
Zin
Beogh

Shops:
D:4 *   D:11 (

Portals:
Hell: Lair:8

Annotations:
Lair:4 exclusion: 3 oklob plants


Innate Abilities, Weirdness & Mutations

You are resistant to damage.
You can recharge devices by infusing magical energy.
You resist negative energy. (rN+)
You passively map the area around you.
You do not regenerate naturally.
You are partially covered in molten scales. (AC +1)
You are resistant to hostile enchantments. (MR+)


Message History

You hit the Ice Fiend. You burn the Ice Fiend.
The Ice Fiend is moderately wounded.
Unknown command.
You hit the Ice Fiend. You burn the Ice Fiend.
The Ice Fiend is moderately wounded.
The Ice Fiend gestures at you. The bolt of cold hits you! You resist.
* * * LOW HITPOINT WARNING * * *
Unknown command.
You are too berserk!
Unknown command.
You are too berserk!
Unknown command.
You barely miss the Ice Fiend.
The Ice Fiend is moderately wounded.
You feel the effects of Trog's Hand fading.
The Ice Fiend claws you!
* * * LOW HITPOINT WARNING * * *
The Ice Fiend freezes you! You resist.
You die...

* ,Z.# * ,W.# ..## *≈
..## * #..#* ####.###≈
### ###.1..#≈≈≈
###1#####.4####≈≈≈≈
###.@#.##.Z####≈≈≈≈≈≈
#..####4.####(#.##≈≈≈
###..# #######..##≈≈≈≈
##...## ###....###≈ ≈#≈
#..⌠..###...#....######
##...###..####.....##..
##......## ##......##
######## ########


You could see an Ice Fiend.

Vanquished Creatures
  Rupert (Lair:8)
  Gastronok (Lair:1)
  2 merfolk javelineers (Shoals:1)
  Josephine (D:10)
  3 hydras
  Erica (Lair:2)
  A naga sharpshooter (Snake:1)
  14 death yaks
  A sun demon (Lair:8)
  A wizard (Lair:8)
  A sea snake (Shoals:1)
  A lindwurm (Volcano)
  2 hill giants
  A harpy (Shoals:1)
  Pikel (D:4)
  3 fauns (Shoals:1)
  3 griffons
  2 manticores (Shoals:1)
  4 sirens (Shoals:1)
  A sixfirhy (Lair:8)
  2 black mambas
  8 spiny frogs
  An ice statue (IceCv)
  2 naga magi (Snake:1)
  An orange demon (Lair:8)
  6 komodo dragons
  3 rime drakes
  2 freezing wraiths (IceCv)
  A hellwing (Lair:8)
  8 ice devils
  A golden dragon simulacrum (IceCv)
  3 anaconda simulacra (IceCv)
  4 red devils (Lair:8)
  A troll (D:6)
  2 merfolk (Shoals:1)
  A wolf spider simulacrum (IceCv)
  Grinder (D:4)
  10 blink frogs
  2 snapping turtles (Shoals:1)
  A slime creature (Lair:8)
  A wind drake (Shoals:1)
  A spriggan (D:7)
  A water elemental (Shoals:2)
  A wyvern (D:9)
  3 fire bats (Volcano)
  4 wraiths (D:10)
  49 yaks
  2 steam dragons (D:6)
  5 basilisks
  A hungry ghost (D:10)
  5 hippogriffs
  Edmund (D:6)
  3 mottled dragons (Volcano)
  2 wargs (D:11)
  2 harpy simulacra (IceCv)
  3 iron troll simulacra (IceCv)
  3 hydra simulacra (IceCv)
  A naga (Snake:1)
  16 water moccasins
  10 porcupines
  4 orc warriors
  3 ice beasts
  A black bear (D:8)
  An ettin simulacrum (IceCv)
  3 sky beasts
  3 slaves
  10 ogres
  A necrophage (D:8)
  2 phantoms (D:7)
  An alligator simulacrum (IceCv)
  37 wolves
  2 centaurs
  12 crocodiles
  11 giant frogs
  A gnoll sergeant (D:8)
  A wyvern skeleton (D:7)
  5 scorpions
  6 killer bees
  10 wights
  A howler monkey (D:9)
  3 crimson imps
  3 draconian simulacra (IceCv)
  A giant frog zombie (D:9)
  A quasit (D:11)
  3 centaur zombies
  11 hounds
  6 jellies
  8 orc priests
  2 centaur skeletons
  A gnoll shaman (D:5)
  An iron imp (D:5)
  7 iguanas
  8 worker ants
  A giant frog skeleton (D:7)
  7 orc wizards
  4 troll simulacra (IceCv)
  A killer bee zombie (D:8)
  A spriggan simulacrum (IceCv)
  21 sheep
  4 centaur simulacra (IceCv)
  A hound zombie (D:11)
  A hound skeleton (D:4)
  9 gnolls
  6 adders
  5 naga simulacra (IceCv)
  47 river rats
  3 shadow imps
  4 white imps (IceCv)
  8 ufetubi (IceCv)
  An adder zombie (D:6)
  2 adder skeletons
  2 dart slugs
  10 giant geckos
  29 orcs
  2 ball pythons (D:2)
  7 bats
  A giant cockroach (D:8)
  8 hobgoblins
  A jackal (D:9)
  3 quokkas (D:4)
  A giant gecko zombie (D:9)
  4 giant newts
  5 goblins
  3 kobolds
  A quokka zombie (D:7)
  9 rats
  13 fungi
  5 plants
619 creatures vanquished.

Vanquished Creatures (collateral kills)
  A warg (D:11)
  A killer bee (D:9)
  A jelly (D:7)
  An orc wizard (D:11)
  An orc (D:11)
5 creatures vanquished.

Vanquished Creatures (others)
  A troll (D:11)
  A hippogriff (D:9)
  A hungry ghost (D:7)
  A killer bee (D:9)
  An ogre (D:9)
  A wolf (Lair:2)
  A white imp (IceCv)
  16 fungi
  4 plants
27 creatures vanquished.

Grand Total: 651 creatures vanquished

Notes
Turn   | Place    | Note
--------------------------------------------------------------
     0 | D:1      | Ryco the Deep Dwarf Berserker began the quest for the Orb.
     0 | D:1      | Reached XP level 1. HP: 20/20 MP: 1/1
   117 | D:2      | Reached XP level 2. HP: 25/27 MP: 2/2
   325 | D:3      | Found a stormy altar of Qazlal.
   345 | D:4      | Reached XP level 3. HP: 31/34 MP: 3/3
   345 | D:4      | Reached skill level 4 in Axes
   349 | D:4      | Found a sparkling altar of Nemelex Xobeh.
   356 | D:4      | Reached ** piety under Trog
   363 | D:4      | Noticed Grinder
   364 | D:4      | Paralysed by Grinder for 2 turns
   367 | D:4      | Reached XP level 4. HP: 28/43 MP: 4/4
   644 | D:2      | Found a faded altar of an unknown god.
  1387 | D:4      | Found Fuidima's Assorted Antiques.
  1400 | D:4      | Noticed a slave
  1401 | D:4      | Noticed Pikel
  1401 | D:4      | Noticed a slave
  1432 | D:4      | Killed a slave
  1481 | D:4      | Killed Grinder
  1481 | D:4      | Reached skill level 6 in Axes
  1481 | D:4      | Reached XP level 5. HP: 22/51 MP: 5/5
  1481 | D:4      | Reached XP level 6. HP: 25/58 MP: 6/6
  1498 | D:4      | Bought a scratched opal ring for 135 gold pieces
  1504 | D:4      | Noticed a slave
  1505 | D:4      | Noticed a slave
  1545 | D:3      | Killed a slave
  1647 | D:4      | Killed a slave
  1655 | D:4      | Killed Pikel
  1655 | D:4      | Reached skill level 5 in Fighting
  1655 | D:4      | Reached skill level 7 in Axes
  1655 | D:4      | Reached XP level 7. HP: 67/67 MP: 6/6
  1722 | D:4      | Reached skill level 8 in Axes
  1729 | D:4      | Reached skill level 1 in Evocations
  1795 | D:4      | Found a white marble altar of Elyvilon.
  1876 | D:5      | Entered Level 5 of the Dungeon
  1876 | D:5      | Found a staircase to the Ecumenical Temple.
  1960 | D:5      | Reached XP level 8. HP: 16/75 MP: 7/7
  2134 | D:6      | Reached skill level 9 in Axes
  2191 | D:6      | Noticed a troll
  2208 | D:6      | Killed a troll
  2220 | D:6      | Noticed Edmund
  2234 | D:6      | Killed Edmund
  2314 | D:6      | Found a glowing silver altar of Zin.
  2326 | D:6      | Reached skill level 10 in Axes
  2631 | D:5      | Found a snail-covered altar of Cheibriados.
  2734 | D:5      | Gained mutation: You passively map the area around you. [Deep Dwarf growth]
  2734 | D:5      | Reached XP level 9. HP: 85/85 MP: 9/9
  2859 | D:5      | Reached skill level 5 in Armour
  3357 | D:7      | Found a shattered altar of Ashenzari.
  3366 | D:7      | Reached skill level 11 in Axes
  3699 | D:8      | Found a bloodstained altar of Trog.
  3729 | D:8      | Found a deep blue altar of Sif Muna.
  3811 | D:7      | Found a hide-covered altar of Uskayaw.
  4249 | D:8      | Reached XP level 10. HP: 46/92 MP: 10/10
  4983 | D:9      | Reached skill level 12 in Axes
  5020 | D:9      | Noticed a griffon
  5038 | D:9      | Killed a griffon
  5131 | D:9      | Reached skill level 10 in Armour
  5163 | D:9      | Found a staircase to the Orcish Mines.
  5400 | D:10     | Entered Level 10 of the Dungeon
  5574 | D:10     | Noticed Josephine
  5592 | D:10     | Killed Josephine
  5612 | D:10     | Reached XP level 11. HP: 51/100 MP: 11/11
  5667 | D:10     | Reached skill level 13 in Axes
  5767 | D:10     | Found a roughly hewn altar of Beogh.
  5877 | D:10     | Noticed a hill giant
  5885 | D:10     | Killed a hill giant
  6008 | D:11     | Found a staircase to the Lair.
  6191 | D:11     | Found Joaxieck's Antique Weapon Emporium.
  6192 | D:11     | Noticed a hill giant
  6202 | D:11     | Killed a hill giant
  6283 | D:11     | Reached skill level 14 in Axes
  6571 | D:4      | Bought a distressingly furry scale mail for 243 gold pieces
  6571 | D:4      | Bought a potion of heal wounds for 135 gold pieces
  6581 | D:4      | Identified the +2 scale mail of the Equinox {rF++ Str+3 Int+3 Dex-3} (You bought it in a shop on level 4 of the Dungeon)
  6733 | Lair:1   | Entered Level 1 of the Lair of Beasts
  6762 | Lair:2   | Noticed Erica
  6833 | Lair:2   | Killed Erica
  6975 | Lair:1   | Noticed Gastronok
  6999 | Lair:1   | Killed Gastronok
  7028 | Lair:1   | Reached XP level 12. HP: 67/112 MP: 11/11
  7114 | Lair:1   | Reached skill level 15 in Axes
  7146 | Lair:1   | Noticed a four-headed hydra
  7177 | Lair:1   | Killed a four-headed hydra
  7331 | Lair:2   | Gained mutation: You are partially covered in molten scales. (AC +1) [potion of beneficial mutation]
  7919 | Lair:3   | Reached skill level 16 in Axes
  8074 | Lair:4   | Noticed a death yak
  8087 | Lair:4   | Noticed a death yak
  8090 | Lair:4   | Noticed a death yak
  8091 | Lair:4   | Noticed a death yak
  8103 | Lair:4   | Killed a death yak
  8108 | Lair:4   | Killed a death yak
  8117 | Lair:4   | Noticed a death yak
  8118 | Lair:4   | Noticed a death yak
  8120 | Lair:4   | Noticed a death yak
  8123 | Lair:4   | Noticed a death yak
  8129 | Lair:4   | Killed a death yak
  8370 | Lair:4   | Found a staircase to the Shoals.
  8383 | Lair:4   | Found a staircase to the Snake Pit.
  8421 | Lair:4   | Killed a death yak
  8421 | Lair:4   | Reached skill level 17 in Axes
  8421 | Lair:4   | Reached XP level 13. HP: 43/122 MP: 11/11
  8815 | Lair:5   | Reached skill level 10 in Fighting
  9001 | Lair:8   | Entered Level 8 of the Lair of Beasts
  9062 | Lair:8   | Found a staircase to the Slime Pits.
  9216 | Lair:8   | Reached *** piety under Trog
  9229 | Lair:8   | Found a dark tunnel.
  9233 | Volcano  | Entered a volcano
  9265 | Volcano  | Reached skill level 18 in Axes
 10116 | Lair:8   | Reached skill level 19 in Axes
 10116 | Lair:8   | Gained mutation: You resist negative energy. (rN+) [Deep Dwarf growth]
 10116 | Lair:8   | Reached XP level 14. HP: 90/133 MP: 12/12
 10131 | Lair:8   | Found a burning altar of Makhleb.
 10217 | Lair:8   | Found a gateway to Hell.
 10234 | Lair:8   | Got a pair of jewelled boots
 10246 | Lair:8   | Identified the +1 pair of boots of New Discoveries {-Tele rElec Dex+8} (You found it on level 8 of the Lair of Beasts)
 10292 | Lair:8   | Noticed Rupert
 10352 | Lair:8   | Killed Rupert
 10485 | Lair:7   | Reached skill level 5 in Evocations
 10798 | Shoals:1 | Entered Level 1 of the Shoals
 10939 | Shoals:1 | Found a runed door.
 11083 | Shoals:1 | Got a translucent scale mail
 11094 | Shoals:1 | Identified the cursed +0 scale mail of the Armoured One {rElec rF+ MR+ Stlth-} (You found it on level 1 of the Shoals)
 11155 | Snake:1  | Entered Level 1 of the Snake Pit
 11211 | Snake:1  | Got a pair of bloodstained gloves
 11222 | Snake:1  | Identified the +1 pair of gloves of Wisdom {+Blink Str+6 Int-2} (You found it on level 1 of the Snake Pit)
 11250 | Snake:1  | Found a frozen archway.
 11297 | Snake:1  | Gained mutation: You are resistant to hostile enchantments. (MR+) [potion of beneficial mutation]
 11306 | IceCv    | Entered an ice cave
 11843 | IceCv    | Noticed an Ice Fiend
 11883 | IceCv    | HP: 3/204 [Ice Fiend (13)]
 11883 | IceCv    | Mangled by an Ice Fiend

Vault maps used:
D:1:      minmay_arrival_arboretum_small, grunt_decor_arrowhead,
          serial_bayou_pond_e, hangedman_abyss_or_decor_stabs,
          minmay_box_of_dots
D:2:      ecumenical_altar_1
D:3:      nicolae_overflow_hidden_temple
D:4:      kennysheep_mini_moat, elyvilon_altar_1, serial_shops, shop_statue,
          first_bread, uniq_pikel, uniq_crazy_yiuf_cottage, uniq_grinder
D:5:      slow_altar_1, serial_glass, glass_columns_a, glass_columns_a,
          feat_on_display, lemuel_flamethrower_1
D:6:      kennysheep_steamy, nicolae_overflow_crystal_walls, uniq_edmund
D:7:      kennysheep_little_box, basic_altar, serial_bayou_pond_e, the_bakery
D:8:      lemuel_crystal_altar, bloody_trog
D:9:      hangedman_cross_stitches, lemuel_zombie_altar_yredelemnul,
          gammafunk_pakellas_cloud_experiment, david_orc_3
D:10:     david_defended_altar_orc, uniq_josephine
D:11:     erik_lair_orcish_takeover, serial_shops, nicolae_shop_crystal
Lair:1:   serial_bayou_shore_a, serial_bayou_shore_b, uniq_gastronok
Lair:2:   basic_altar, uniq_erica
Lair:3:   beast_lair_carwin_large_1
Lair:4:   minmay_lair_oklob_chamber, shoals_dummy_entry, dummy_snake_entry,
          infiniplex_staircase_pool, grunt_megastairs_2
Lair:5:   lemuel_fruit_fields
Lair:6:   fungi_pond_lemuel
Lair:8:   evil_forest, minmay_slime_entry_pillars, enter_volcano_4, uniq_rupert
Shoals:1: lightli_airlock
Shoals:2: nicolae_shoals_arrival_archipelago
Snake:1:  portal_ice_cave_entry_pillars_1, serial_shops, bzr_entry_road,
          grunt_ministairs_11, grunt_megastairs_3
IceCv:    ice_cave_caverns_02
Volcano:  volcano_pools

Skill      XL: |  1  2  3  4  5  6  7  8  9 10 11 12 13 14 |
---------------+-------------------------------------------+-----
Fighting       | 3 4 5 6 7 8 9 10 11 | 11.7
Axes           | 4 6 7 8 10 11 12 14 17 19 | 19.8
Evocations     | 1 2 3 4 5 |  5.5
Armour         | 4 8 10 11 12 13 | 13.3
Maces & Flails | |  0.4
Throwing       | |  0.1
Dodging        | |  2.1

Action                   |  1- 3 |  4- 6 |  7- 9 | 10-12 | 13-15 || total
-------------------------+-------+-------+-------+-------+-------++-------
Melee: Hand axe          |    57 |   179 |   533 |   341 |       ||  1110
       War axe           |       |       |       |   466 |       ||   466
       Battleaxe         |       |       |       |   271 |   486 ||   757
       Whip              |       |       |       |    15 |    27 ||    42
       Executioner's axe |       |       |       |       |   291 ||   291
Throw: Tomahawk          |       |       |     8 |       |       ||     8
Invok: Trog's Hand       |     1 |     4 |    19 |    60 |    70 ||   154
       Berserk           |       |     1 |     4 |     7 |     5 ||    17
 Abil: Device Recharging |       |     1 |       |     4 |     4 ||     9
Evoke: Wand              |     1 |     3 |    12 |    47 |    40 ||   103
       Phantom mirror    |       |       |       |       |     1 ||     1
  Use: Scroll            |       |       |    11 |     6 |    20 ||    37
       Potion            |       |       |       |     2 |     4 ||     6
 Stab: Distracted        |     1 |       |       |       |       ||     1
       Sleeping          |     1 |       |       |       |       ||     1
       Paralysed         |       |       |    23 |       |       ||    23
  Eat: Chunk             |       |     2 |     6 |    32 |    15 ||    55
       Beef jerky        |       |     1 |       |     1 |     2 ||     4
       Royal jelly       |       |       |     2 |       |       ||     2
       Pizza             |       |       |     3 |     2 |     1 ||     6
       Fruit             |       |       |     9 |     1 |     7 ||    17
       Meat ration       |       |       |     1 |     2 |     4 ||     7
Armor: Animal skin       |     9 |    30 |     4 |       |       ||    43
       Plate armour      |       |       |   198 |   371 |       ||   569
       Ring mail         |       |       |    12 |       |       ||    12
       Scale mail        |       |       |       |   216 |   511 ||   727
Dodge: Dodged            |    32 |   109 |   134 |   430 |   449 ||  1154
Block: Buckler           |       |       |    56 |   109 |       ||   165
